TOP OF THE 1ST |
---|
Washington DC Hot Sauce batting - Pitching for Punta Cana Hutias : RHP Brian Lovelace | Pitching: RHP Brian Lovelace | | Batting: RHB Daniel Pineda | 0-0: Ball 1-0: Ground out 6-3 (Groundball, 6) | Batting: RHB Eric Adams | 0-0: Foul Ball, location: 2F 0-1: Ball 1-1: Ball 2-1: Ball 3-1: Called Strike 3-2: Base on Balls | Batting: RHB Kenny Miller | 0-0: Swinging Strike 0-1: Ball Wild Pitch! Eric Adams to second 1-1: Ball 2-1: Swinging Strike 2-2: Strikes out swinging | Batting: RHB Nelson Wright | 0-0: Called Strike 0-1: Reached on error, E6 (Groundball, 6) Eric Adams to third | Batting: RHB José Isla | 0-0: Ball 1-0: Swinging Strike 1-1: Fly out, F9 (Flyball, 9LM) | Top of the 1st over - 0 runs, 0 hits, 1 error, 2 left on base; Washington DC 0 - Punta Cana 0 | BOTTOM OF THE 1ST |
---|
Punta Cana Hutias batting - Pitching for Washington DC Hot Sauce : LHP Victor Mooney | Pitching: LHP Victor Mooney | | Batting: LHB Dave Watkins | 0-0: Ball 1-0: Foul Ball, location: 2F 1-1: Ball 2-1: SINGLE (Flyball, 9LS) | Batting: LHB Tony Ríos | 0-0: Swinging Strike 0-1: Ball 1-1: Ball 2-1: Called Strike 2-2: Foul Ball, location: 2F 2-2: Foul Ball, location: 2F 2-2: Foul Ball, location: 2F 2-2: Ball 3-2: Foul Ball, location: 2F 3-2: Fly out, F5 (Popup, 56S) | Batting: RHB Mike Martínez | 0-0: Ball 1-0: SINGLE (Line Drive, 34) Dave Watkins to second Runner from 2nd tries for 3rd, SAFE, no throw | Batting: RHB Alfonso Huerta | 0-0: Foul Ball, location: 2F 0-1: Ball 1-1: Foul Ball, location: 2F 1-2: DOUBLE (Line Drive, 78M) Dave Watkins scores Mike Martínez to third | Batting: LHB Luis García | 0-0: Ball 1-0: Ball 2-0: Called Strike 2-1: SINGLE (Groundball, 56D) Mike Martínez scores Alfonso Huerta to third Runner from 3rd tries for Home, SAFE, no throw | Batting: RHB Miguel Gutiérrez | 0-0: Ball 1-0: Swinging Strike 1-1: Swinging Strike 1-2: Ball 2-2: Ball 3-2: Strikes out swinging | Batting: LHB Harry Davis | 0-0: Ball 1-0: Foul Ball, location: 2F 1-1: Ball 2-1: Ball 3-1: Foul Ball, location: 2F 3-2: Base on Balls Luis García to second | Batting: RHB Alfredo Bernard | 0-0: Foul Ball, location: 2F 0-1: Ball 1-1: Foul Ball, location: 2F 1-2: Ball 2-2: Foul Ball, location: 2F 2-2: Strikes out looking | Bottom of the 1st over - 3 runs, 4 hits, 0 errors, 2 left on base; Washington DC 0 - Punta Cana 3 | TOP OF THE 2ND |
---|
Washington DC Hot Sauce batting - Pitching for Punta Cana Hutias : RHP Brian Lovelace | Batting: RHB Jesús García | 0-0: Ball 1-0: Ball 2-0: Called Strike 2-1: Swinging Strike 2-2: Ball 3-2: Foul Ball, location: 2F 3-2: Strikes out swinging | Batting: RHB Eric Schroeder | 0-0: Ball 1-0: Ball 2-0: Foul Ball, location: 2F 2-1: Foul Ball, location: 2F 2-2: SOLO HOME RUN (Flyball, 78XD), Distance : 421 ft | Batting: SHB Jared Calhoun | 0-0: Ball 1-0: Foul Ball, location: 2F 1-1: Called Strike 1-2: Ball 2-2: Ball 3-2: Ground out 6-3 (Groundball, 56) | Batting: LHB Jim Hutchinson | 0-0: Called Strike 0-1: Ball 1-1: Fly out, F7 (Flyball, 7) | Top of the 2nd over - 1 run, 1 hit, 0 errors, 0 left on base; Washington DC 1 - Punta Cana 3 | BOTTOM OF THE 2ND |
---|
Punta Cana Hutias batting - Pitching for Washington DC Hot Sauce : LHP Victor Mooney | Batting: LHB Don MacNeill | 0-0: Called Strike 0-1: Swinging Strike 0-2: Strikes out swinging | Batting: LHB Dave Watkins | 0-0: Fly out, F9 (Flyball, 9S) | Batting: LHB Tony Ríos | 0-0: Fly out, F8 (Flyball, 8LD) | Bottom of the 2nd over - 0 runs, 0 hits, 0 errors, 0 left on base; Washington DC 1 - Punta Cana 3 | TOP OF THE 3RD |
---|
Washington DC Hot Sauce batting - Pitching for Punta Cana Hutias : RHP Brian Lovelace | Batting: RHB Daniel Pineda | 0-0: Ball 1-0: SINGLE (Groundball, 56D) | Batting: RHB Eric Adams | 0-0: Ball 1-0: Called Strike 1-1: Foul Ball, location: 2F 1-2: Fly out, F9 (Flyball, 89S) | Batting: RHB Kenny Miller | 0-0: Ball 1-0: Called Strike 1-1: Ball 2-1: SINGLE (Groundball, 23) (infield hit) Daniel Pineda to second | Batting: RHB Nelson Wright | 0-0: Ball Daniel Pineda is caught stealing 3rd base 1-0: Foul Ball, location: 2F 1-1: SINGLE (Groundball, 56D) Kenny Miller to second | Batting: RHB José Isla | 0-0: Ball 1-0: Ball 2-0: Fly out, F8 (Flyball, 8RXD) | Top of the 3rd over - 0 runs, 3 hits, 0 errors, 2 left on base; Washington DC 1 - Punta Cana 3 | BOTTOM OF THE 3RD |
---|
Punta Cana Hutias batting - Pitching for Washington DC Hot Sauce : LHP Victor Mooney | Batting: RHB Mike Martínez | 0-0: Ball 1-0: Ball 2-0: Swinging Strike 2-1: Ball 3-1: Base on Balls | Batting: RHB Alfonso Huerta | 0-0: Ball 1-0: Ball 2-0: Called Strike 2-1: Foul Ball, location: 2F 2-2: Ball 3-2: Base on Balls Mike Martínez to second | Batting: LHB Luis García | 0-0: Grounds into double play, 4-6-3 (Groundball, 4M) Mike Martínez to third | Batting: RHB Miguel Gutiérrez | 0-0: Foul Ball, location: 2F 0-1: Fly out, F9 (Line Drive, 9D) | Bottom of the 3rd over - 0 runs, 0 hits, 0 errors, 1 left on base; Washington DC 1 - Punta Cana 3 | TOP OF THE 4TH |
---|
Washington DC Hot Sauce batting - Pitching for Punta Cana Hutias : RHP Brian Lovelace | Batting: RHB Jesús García | 0-0: Called Strike 0-1: SINGLE (Line Drive, 7S) | Batting: RHB Eric Schroeder | 0-0: Foul Ball, location: 2F 0-1: Ball 1-1: Fly out, F9 (Flyball, 9LS) | Batting: SHB Jared Calhoun | 0-0: Called Strike 0-1: Ball 1-1: Fielders Choice at 2nd, 1-4 (Groundball, 15S) | Batting: LHB Jim Hutchinson | 0-0: Ball 1-0: Ground out U3 (Groundball, 3) | Top of the 4th over - 0 runs, 1 hit, 0 errors, 1 left on base; Washington DC 1 - Punta Cana 3 | BOTTOM OF THE 4TH |
---|
Punta Cana Hutias batting - Pitching for Washington DC Hot Sauce : LHP Victor Mooney | Batting: LHB Harry Davis | 0-0: Called Strike 0-1: Called Strike 0-2: Ball 1-2: Foul Ball, location: 2F 1-2: SINGLE (Flyball, 78S) | Batting: RHB Alfredo Bernard | 0-0: Ball 1-0: Foul Ball, location: 2F 1-1: Ball 2-1: Foul Ball, location: 2F 2-2: DOUBLE (Line Drive, 7LD) Harry Davis to third | Batting: LHB Don MacNeill | 0-0: Ball 1-0: Called Strike 1-1: Called Strike 1-2: SINGLE (Groundball, 6D) Harry Davis scores Alfredo Bernard to third Runner from 3rd tries for Home, SAFE, throw made home | Pitching: RHP Brock Corless | | Batting: LHB Dave Watkins | 0-0: Called Strike 0-1: DOUBLE (Line Drive, 9LM) Don MacNeill to third | Batting: LHB Tony Ríos | 0-0: Swinging Strike 0-1: Foul Ball, location: 2F 0-2: Foul Ball, location: 2F 0-2: Strikes out swinging | Batting: RHB Mike Martínez | 0-0: Ground out 6-3 (Groundball, 6) Don MacNeill scores Dave Watkins to third | Batting: RHB Alfonso Huerta | 0-0: Called Strike 0-1: Ball Wild Pitch! Dave Watkins scores 1-1: Foul Ball, location: 2F 1-2: Ball 2-2: Strikes out swinging | Bottom of the 4th over - 4 runs, 4 hits, 0 errors, 0 left on base; Washington DC 1 - Punta Cana 7 | TOP OF THE 5TH |
---|
Washington DC Hot Sauce batting - Pitching for Punta Cana Hutias : RHP Brian Lovelace | Batting: RHB Daniel Pineda | 0-0: Fly out, F4 (Line Drive, 4M) | Batting: RHB Eric Adams | 0-0: Ground out 5-3 (Groundball, 56S) | Batting: RHB Kenny Miller | 0-0: Ground out U3 (Groundball, 34) | Top of the 5th over - 0 runs, 0 hits, 0 errors, 0 left on base; Washington DC 1 - Punta Cana 7 | BOTTOM OF THE 5TH |
---|
Punta Cana Hutias batting - Pitching for Washington DC Hot Sauce : RHP Brock Corless | Batting: LHB Luis García | 0-0: SINGLE (Flyball, 89S) | Batting: RHB Miguel Gutiérrez | 0-0: Ball 1-0: Foul Ball, location: 2F 1-1: Swinging Strike 1-2: Foul Ball, location: 2F 1-2: Ball 2-2: Foul Ball, location: 2F 2-2: Strikes out swinging | Batting: LHB Harry Davis | 0-0: Ball 1-0: Called Strike 1-1: Ball 2-1: Ball 3-1: Base on Balls Luis García to second | Batting: RHB Alfredo Bernard | 0-0: Ball 1-0: Called Strike 1-1: Fly out, F8 (Flyball, 8RD) | Batting: LHB Don MacNeill | 0-0: Ball 1-0: Foul Ball, location: 2F 1-1: Foul Ball, location: 2F 1-2: Strikes out swinging | Bottom of the 5th over - 0 runs, 1 hit, 0 errors, 2 left on base; Washington DC 1 - Punta Cana 7 | TOP OF THE 6TH |
---|
Washington DC Hot Sauce batting - Pitching for Punta Cana Hutias : RHP Brian Lovelace | Batting: RHB Nelson Wright | 0-0: Ball 1-0: Foul Ball, location: 2F 1-1: Fly out, F7 (Flyball, 7S) | Batting: RHB José Isla | 0-0: Hit by Pitch | Batting: RHB Jesús García | 0-0: Ball 1-0: Ground out 3-1 (Groundball, 34S) José Isla to second | Batting: RHB Eric Schroeder | 0-0: Ball 1-0: Foul Ball, location: 2F 1-1: Fly out, F8 (Flyball, 8LS) | Top of the 6th over - 0 runs, 0 hits, 0 errors, 1 left on base; Washington DC 1 - Punta Cana 7 | BOTTOM OF THE 6TH |
---|
Punta Cana Hutias batting - Pitching for Washington DC Hot Sauce : RHP Brock Corless | Batting: LHB Dave Watkins | 0-0: Ball 1-0: Ball 2-0: Swinging Strike 2-1: Foul Ball, location: 2F 2-2: Foul Ball, location: 2F 2-2: Strikes out swinging | Batting: LHB Tony Ríos | 0-0: Called Strike 0-1: Ball 1-1: Ball 2-1: Fly out, F8 (Flyball, 8RD) | Batting: RHB Mike Martínez | 0-0: Ball 1-0: Ball 2-0: Foul Ball, location: 2F 2-1: Ball 3-1: Base on Balls | Batting: RHB Alfonso Huerta | 0-0: SINGLE (Groundball, 56D) Mike Martínez to second | Batting: LHB Luis García | 0-0: Foul Ball, location: 2F 0-1: Ball 1-1: SINGLE (Flyball, 8LS) Mike Martínez to third Alfonso Huerta to second Runner from 3rd tries for Home, SAFE, no throw | Batting: RHB Miguel Gutiérrez | 0-0: Called Strike 0-1: Swinging Strike 0-2: Strikes out swinging | Bottom of the 6th over - 1 run, 2 hits, 0 errors, 2 left on base; Washington DC 1 - Punta Cana 8 | TOP OF THE 7TH |
---|
Washington DC Hot Sauce batting - Pitching for Punta Cana Hutias : RHP Brian Lovelace | Batting: SHB Jared Calhoun | 0-0: SINGLE (Line Drive, 4MD) | Batting: LHB Jim Hutchinson | 0-0: Ball 1-0: Swinging Strike 1-1: Swinging Strike 1-2: Foul Ball, location: 2F 1-2: Ball 2-2: Ball 3-2: Base on Balls Jared Calhoun to second | Batting: RHB Daniel Pineda | 0-0: Swinging Strike 0-1: Ball 1-1: Ball 2-1: Foul Ball, location: 2F 2-2: Strikes out swinging | Batting: RHB Eric Adams | 0-0: Ball 1-0: Fielders Choice at 2nd, 5-4 (Groundball, 56) Jared Calhoun to third | Batting: RHB Kenny Miller | 0-0: Foul Ball, location: 2F 0-1: Called Strike 0-2: Ground out 4-3 (Groundball, 4) | Top of the 7th over - 0 runs, 1 hit, 0 errors, 2 left on base; Washington DC 1 - Punta Cana 8 | BOTTOM OF THE 7TH |
---|
Punta Cana Hutias batting - Pitching for Washington DC Hot Sauce : RHP Brock Corless | Batting: LHB Harry Davis | 0-0: Called Strike 0-1: Ball 1-1: Ball 2-1: Foul Ball, location: 2F 2-2: Foul Ball, location: 2F 2-2: Foul Ball, location: 2F 2-2: Ball 3-2: Strikes out swinging | Batting: RHB Alfredo Bernard | 0-0: Called Strike 0-1: Ball 1-1: Called Strike 1-2: Fly out, F4 (Popup, 4M) | Batting: LHB Don MacNeill | 0-0: Called Strike 0-1: Ball 1-1: DOUBLE (Line Drive, 78D) | Batting: LHB Dave Watkins | 0-0: Swinging Strike 0-1: SINGLE (Groundball, 34D) Don MacNeill to third Runner from 3rd tries for Home, throw and OUT! | Bottom of the 7th over - 0 runs, 2 hits, 0 errors, 1 left on base; Washington DC 1 - Punta Cana 8 | TOP OF THE 8TH |
---|
Washington DC Hot Sauce batting - Pitching for Punta Cana Hutias : RHP Brian Lovelace | Now in RF: Manuel Cavazos | | Batting: RHB Nelson Wright | 0-0: Called Strike 0-1: Swinging Strike 0-2: Ball 1-2: Foul Ball, location: 2F 1-2: Strikes out swinging | Pitching: RHP Nick Davis | | Batting: RHB José Isla | 0-0: Fly out, F8 (Flyball, 8LM) | Batting: RHB Jesús García | 0-0: Ball 1-0: Swinging Strike 1-1: Ball 2-1: Ball 3-1: SOLO HOME RUN (Flyball, 7LD), Distance : 371 ft | Batting: RHB Eric Schroeder | 0-0: Ball 1-0: Foul Ball, location: 2F 1-1: Ground out 4-3 (Groundball, 4) | Top of the 8th over - 1 run, 1 hit, 0 errors, 0 left on base; Washington DC 2 - Punta Cana 8 | BOTTOM OF THE 8TH |
---|
Punta Cana Hutias batting - Pitching for Washington DC Hot Sauce : RHP Brock Corless | Batting: LHB Tony Ríos | 0-0: Ball 1-0: Ball 2-0: Ball 3-0: Called Strike 3-1: SINGLE (Groundball, 3D) | Batting: RHB Mike Martínez | 0-0: Ball 1-0: Ball 2-0: Called Strike 2-1: Foul Ball, location: 2F 2-2: Foul Ball, location: 2F 2-2: Ball 3-2: Foul Ball, location: 2F 3-2: Base on Balls Tony Ríos to second | Batting: RHB Alfonso Huerta | 0-0: Ball 1-0: Ball 2-0: Swinging Strike 2-1: Ball 3-1: Called Strike 3-2: Foul Ball, location: 2F 3-2: SINGLE (Flyball, 78S) Tony Ríos to third Mike Martínez to second Runner from 3rd tries for Home, throw and OUT! | Batting: LHB Luis García | 0-0: Called Strike 0-1: Foul Ball, location: 2F 0-2: Ball 1-2: Ball 2-2: Foul Ball, location: 2F 2-2: Grounds into double play, 6-4-3 (Groundball, 6) | Bottom of the 8th over - 0 runs, 2 hits, 0 errors, 1 left on base; Washington DC 2 - Punta Cana 8 | TOP OF THE 9TH |
---|
Washington DC Hot Sauce batting - Pitching for Punta Cana Hutias : RHP Nick Davis | Now at C: Juan Alaniz | | Batting: SHB Jared Calhoun | 0-0: Swinging Strike 0-1: Fly out, F8 (Flyball, 8LS) | Batting: LHB Jim Hutchinson | 0-0: Swinging Strike 0-1: Reached on error, E1 (Groundball, P) | Batting: RHB Daniel Pineda | 0-0: Swinging Strike 0-1: Ball 1-1: Ball 2-1: Ball 3-1: Fly out, F8 (Flyball, 8LM) | Batting: RHB Eric Adams | 0-0: Called Strike 0-1: Called Strike 0-2: Ground out 4-3 (Groundball, 4) | Top of the 9th over - 0 runs, 0 hits, 1 error, 1 left on base; Washington DC 2 - Punta Cana 8 | |